 Dungeon Crawl Stone Soup version 0.26-a0-958-gf3041fb45f (console) character file.

Game seed: 2698245797552154581

101 Gather the Sneak (level 5, -7/29 HPs)
             Began as a Kobold Conjurer on Nov 30, 2020.
             Mangled by an orc warrior
             ... wielding a +1 flail of protection
              (17 damage)
             ... on level 3 of the Dungeon.
             The game lasted 00:07:48 (3035 turns).

Gather the Sneak (Kobold Conjurer)                  Turns: 3035, Time: 00:07:48

Health: -7/29      AC:  2    Str:  5    XL:     5   Next: 4%
Magic:  0/8        EV: 15    Int: 19    God:
Gold:   127        SH:  0    Dex: 14    Spells: 2/8 levels left

rFire    . . .     SeeInvis .   b - +0 dagger
rCold    . . .     Faith    .   (shield restricted)
rNeg     . . .     Spirit   .   a - +0 robe
rPois    .         Reflect  .   (no helmet)
rElec    .         Harm     .   (no cloak)
rCorr    .         Rampage  .   (no gloves)
MR       .....                  (no boots)
Stlth    ++++......             (no amulet)
HPRegen  0.09/turn              (no ring)
MPRegen  0.11/turn              (no ring)

@: lightly drained
A: small, nightstalker 3
a: no special abilities


You were on level 3 of the Dungeon.
You visited 1 branch of the dungeon, and saw 3 of its levels.

You collected 127 gold pieces.

Inventory:

Hand Weapons
 b - a +0 dagger (weapon)
Missiles
 g - 35 stones
Armour
 a - a +0 robe (worn)
Scrolls
 c - 2 scrolls of identify {unknown}
 d - a scroll of fog {unknown}
 h - a scroll of magic mapping {unknown}
 k - a scroll of fear {unknown}
Potions
 e - 2 potions of brilliance {unknown}
 f - a potion of degeneration {unknown}
 i - a potion of flight {unknown}
 j - a potion of lignification {unknown}


   Skills:
 + Level 1.1(0.9) Fighting
 + Level 3.1(2.9) Short Blades
 - Level 2.4(2.1) Dodging
 - Level 4.6(4.3) Stealth
 - Level 2.1(1.9) Spellcasting
 + Level 4.2(3.9) Conjurations
 + Level 1.0(0.8) Hexes


You had 2 spell levels left.
You knew the following spells:

 Your Spells              Type           Power        Failure   Level
a - Searing Ray           Conj           ###...       4%          2
b - Magic Dart            Conj           ###.         3%          1
d - Dazzling Flash        Conj/Hex       ##....       19%         3

Your spell library contained the following spells:

 Spells                   Type           Power        Failure   Level
 Fulminant Prism          Conj/Hex       ##........   54%         4
 Iskenderun's Mystic Bla  Conj/Tloc      #.......     58%         4


Dungeon Overview and Level Annotations

Branches:
Dungeon (3/15)

Altars:


Innate Abilities, Weirdness & Mutations

You are small and have problems with some larger weapons.
You are completely attuned to the shadows.


Message History

Casting: Searing Ray (safe; 4% risk of failure)
Confirm with . or Enter, or press ? or * to list all spells.
Aiming: Searing Ray (safe; 4% risk of failure)
Press: ? - help, Shift-Dir - straight line, f/p - orc warrior
Aim: an orc warrior, wielding a +1 flail of protection and wearing a cursed +0 chain mail (moderately wounded)
The searing ray hits the orc warrior but does no damage.
The orc warrior is moderately wounded. (Press . to maintain the ray.)
The orc wizard shouts!
The orc warrior closely misses you.
The searing ray hits the orc warrior.
The orc warrior is heavily wounded.
The orc hits you with a +1 short sword of draining.
You feel drained.
The orc wizard casts a spell.
The orc wizard flickers and vanishes!
Deactivating autopickup; reactivate with Ctrl-A.
The orc warrior hits you with a +1 flail of protection!
Ouch! That really hurt!
You die... oooo......

#####.##.
#.....#
#.####... #.#
#.## #[# #.#
#.# #.#
#.####.#
###...##.##
#......{.o#
#.#######@# #..
#.# #o# #.. #)#
#.# #.. #)# #.#
#.. #.# #.# #.)
#.# #.# ##.#
#.#######.#
##########...
#.).......#
#............
##.....#.##
#.#####.....#
#........# #.#
#.##.##
#.....#..####>#
#.##.#


You could see an orc warrior and an orc.

Vanquished Creatures
  3 gnolls (D:3)
  An adder (D:2)
  4 worms
  3 leopard geckos
  An orc (D:3)
  4 bats (D:1)
  2 giant cockroaches
  7 goblins
  4 hobgoblins
  4 jackals (D:1)
  9 frilled lizards
  2 kobolds (D:1)
  7 rats (D:1)
51 creatures vanquished.

Notes
Turn   | Place    | Note
-------+----------+-------------------------------------------
     0 | D:1      | Gather the Kobold Conjurer began the quest for the Orb.
     0 | D:1      | Reached XP level 1. HP: 10/10 MP: 3/3
   334 | D:1      | Reached XP level 2. HP: 15/15 MP: 5/5
   344 | D:1      | Learned a level 2 spell: Searing Ray
   519 | D:1      | Reached XP level 3. HP: 19/19 MP: 6/6
   564 | D:1      | Reached skill level 1 in Short Blades
  1749 | D:2      | Learned a level 3 spell: Dazzling Flash
  1768 | D:2      | Reached XP level 4. HP: 24/24 MP: 7/7
  2940 | D:3      | Reached skill level 1 in Fighting
  2940 | D:3      | Reached skill level 1 in Hexes
  2940 | D:3      | Reached XP level 5. HP: 29/29 MP: 8/8
  2976 | D:3      | Noticed an orc warrior
  3035 | D:3      | Mangled by an orc warrior

Illustrated notes

Levels and vault maps discovered:
D:1:      minmay_arrival_stair_chambers, layout_basic, grunt_decor_arrowhead,
          minmay_tree_intersection, corexii_leaking_fountain, patterned_corridor
D:2:      layout_basic, minivault_27
D:3:      layout_loops_ring, grunt_temple_overflow_holy_war,
          minmay_pentomino_pile

Skill      XL: |  1  2  3  4 |
---------------+-------------+-----
Stealth        | 3 4 |  4.6
Short Blades   | 2 3 |  3.1
Fighting       | 1 |  1.1
Hexes          | 1 |  1.0
Dodging        | |  2.4
Spellcasting   | |  2.1
Conjurations   | |  4.2

Action                   |  1- 3 |  4- 6 || total
-------------------------+-------+-------++-------
Melee: Unarmed           |     6 |       ||     6
       Dagger            |    29 |     9 ||    38
 Cast: Magic Dart        |     6 |       ||     6
       Searing Ray       |     5 |     9 ||    14
 Stab: Sleeping          |    26 |     6 ||    32
       Distracted        |       |     1 ||     1
Armor: Robe              |     1 |       ||     1
Dodge: Dodged            |    10 |    13 ||    23

Table legend: (Time is in decaauts)
 A = Elapsed time spent in this place.
 B = Non-inter-level travel time spent in this place.
 C = Inter-level travel time spent in this place.
 D = Time resting spent in this place.
 E = Time spent auto-exploring this place.
 F = Levels seen in this place.
 G = Mean time per level.
                   A        B        C        D        E       F      G
               +--------+--------+--------+--------+--------+-----+--------+
         Total |   3032 |   2835 |    197 |    198 |   2281 |   3 | 1010.7 |
       Dungeon |   3032 |   2835 |    197 |    198 |   2281 |   3 | 1010.7 |
               +--------+--------+--------+--------+--------+-----+--------+

Top non-repeatable levels by time:
     D:1: 1405 daAuts
     D:2: 1212 daAuts
     D:3: 414 daAuts
